 Dungeon Crawl Stone Soup version 0.30.1-1-g62c8e00024 (webtiles) character file.

Game seed: 8986476923799787081

114 GeoRichter the Poker (level 4, 0/26 (31) HPs)
             Began as a Demonspawn Chaos Knight on July 14, 2023.
             Was a Plaything of Xom.
             Killed from afar by Ijyb (13 damage)
             ... with an iceblast
             ... on level 3 of the Dungeon.
             The game lasted 00:04:56 (1712 turns).

GeoRichter the Poker (Demonspawn Chaos Knight)      Turns: 1712, Time: 00:04:57

HP:   0/26 (31)     AC:  5    Str: 13    XL:     4   Next: 67%
MP:   4/4           EV: 13    Int: 17    God:    Xom [....*.]
Gold: 131           SH:  0    Dex: 12    Spells: 3/3 levels left

rFire   . . .        d - +2 whip (venom)
rCold   . . .        (no shield)
rNeg    . . .        b - +2 leather armour
rPois   .            (no helmet)
rElec   .            (no cloak)
rCorr   .            (no gloves)
SInv    .            (no boots)
Will    .....        (no amulet)
Stlth   +            (no ring)
HPRegen 0.24/turn    (no ring)
MPRegen 0.09/turn

%: no passive effects
@: heavily drained
A: claws 1, repulsion field 1, talons 1, clever 1, frail 1
a: Renounce Religion


You were on level 3 of the Dungeon.
You worshipped Xom.
You were a beloved toy of Xom.
You visited 1 branch of the dungeon, and saw 3 of its levels.

You collected 131 gold pieces.

Inventory:

Hand Weapons
 d - a +2 whip of venom (weapon)
   (You found it on level 1 of the Dungeon)
Armour
 b - a +2 leather armour (worn)
 h - a +0 scale mail
   (You found it on level 1 of the Dungeon)
Jewellery
 i - an amulet of faith {!P}
   (You found it on level 1 of the Dungeon)
Scrolls
 f - a scroll of amnesia {unknown}
 k - a scroll of immolation {!r}
 l - a scroll of acquirement {unknown}
 m - a scroll of identify {@r1}
 o - a scroll of fog {unknown}
Potions
 a - a potion of curing {@q1}
 e - a potion of magic {unknown}
 g - a potion of cancellation
 j - a potion of heal wounds {@q2}
 p - 2 potions of attraction {!q}
Miscellaneous
 c - a piece from Xom's chessboard (15/15) (quivered)
 n - a tin of tremorstones (1/2)
   (Xom gifted it to you on level 2 of the Dungeon)


   Skills:
 - Level 3.0 Fighting
 * Level 5.0 Polearms
 - Level 1.7 Armour
 - Level 0.8 Dodging


You had 3 spell levels left.
You didn't know any spells.
Your spell library contained the following spells:

 Spells                   Type           Power      Damage    Failure   Level
 Poisonous Vapours        Pois/Air       0%         N/A       41%         2
 Sublimation of Blood     Necr           0%         N/A       41%         2
 Wereblood                Tmut           0%         N/A       41%         2
 Mephitic Cloud           Conj/Pois/Air  0%         N/A       65%         3
 Freezing Cloud           Conj/Ice/Air   0%         6-21      100%        5
 Summon Hydra             Summ           0%         N/A       100%        7


Dungeon Overview and Level Annotations

Branches:
Dungeon (3/15) Zot: 16284

Altars:
Xom

Annotations:
D:3 Ijyb


Innate Abilities, Weirdness & Mutations

You have sharp fingernails.
You are surrounded by a mild repulsion field. (EV +2)
You have sharp toenails.
Your mind is acute. (Int +4, Str/Dex -1)
You are frail. (-10% HP)


Message History

You feel sick. The adder bites you but does no damage.
The goblin hits you but does no damage. The adder barely misses you.
You miss the adder.
The adder is heavily wounded.
You feel sick. The goblin hits you but does no damage.
The adder barely misses you.
You hit the adder.
You kill the adder!
You feel sick. The goblin completely misses you.
The goblin hits you with a +0 club.
* * * LOW HITPOINT WARNING * * *
Your Polearms skill increases to level 5!
A goblin is nearby!
You whack the goblin!
You kill the goblin!
You feel sick.
You feel sick.
You are no longer poisoned.
You see here a +0 club.
There is an empty arch of ancient stone here.
There is an empty arch of ancient stone here.
There is a stone staircase leading down here.
You climb downwards.
Ijyb shouts!
Found four items.
Found an escape hatch in the floor.
Found a stone staircase leading up.
There is a stone staircase leading up here.
You climb upwards.
There is a stone staircase leading down here.
You start resting.
HP restored.
You climb downwards.
Level annotation: Ijyb Ijyb zaps a wand.
The mass of ice explodes!
The iceblast engulfs you.
You hear a shout!
There is a stone staircase leading up here.
The tremorstone explodes into fragments!
The burst of rock shards engulfs the rat!!
You kill the rat!
The burst of rock shards engulfs Ijyb!!
The burst of rock shards engulfs you!
* * * LOW HITPOINT WARNING * * *
Xom is highly amused!
You are now a beloved toy of Xom.
You hear a bark! x2; You hear a shout! x4
A giant cockroach comes into view.
Ijyb zaps a wand.
The mass of ice explodes!
The iceblast engulfs you!
Ouch! That really hurt!
You die...

#..............
..#.$..........
B..............
#..............
. .............
...#.........?.
#...g.........
#..@...(...
#..>.......<.
###.........#
###########


You could see Ijyb and a giant cockroach.

Vanquished Creatures
  Terence (D:2)
  3 adders (D:2)
  4 dart slugs
  A worm (D:2)
  An orc (D:2)
  5 endoplasms
  2 giant cockroaches (D:1)
  3 goblins
  4 hobgoblins
  7 quokkas
  5 ball pythons
  5 bats
  A frilled lizard (D:2)
  3 kobolds
  5 rats
50 creatures vanquished.

Notes
Turn   | Place    | Note
-------+----------+-------------------------------------------
     0 | D:1      | GeoRichter the Demonspawn Chaos Knight began the quest for
                  | the Orb.
     0 | D:1      | Reached XP level 1. HP: 18/18 MP: 1/1
    77 | D:1      | XOM: silly message
   125 | D:1      | XOM: silly message
   140 | D:1      | Reached skill level 3 in Polearms
   187 | D:1      | Gained mutation: You have sharp fingernails. [demonic
                  | ancestry]
   187 | D:1      | Reached XP level 2. HP: 24/24 MP: 2/2
   215 | D:1      | XOM: silly message
   307 | D:1      | XOM: confuse monster(s)
   383 | D:1      | XOM: summons 1 hostile shadow creature
   461 | D:1      | XOM: scenery: create altars
   536 | D:2      | Found a faded altar of an unknown god.
   581 | D:2      | Reached XP level 3. HP: 27/29 MP: 3/3
   637 | D:2      | Reached skill level 4 in Polearms
  1037 | D:2      | XOM: god gift: slimy robe {god gift}
  1037 | D:2      | Identified the +1 robe of the Hidden Vale {Harm Str+3 Int-3
                  | Archmagi} (Xom gifted it to you on level 2 of the Dungeon)
  1137 | D:2      | XOM is BORED!
  1150 | D:2      | XOM: give mutations
  1150 | D:2      | Gained mutation: You are weak. (Str -2) [Xom's mischief]
  1150 | D:2      | Lost mutation: You are weak. (Str -2) [Xom's mischief]
  1150 | D:2      | Gained mutation: Your mind is acute. (Int +4, Str/Dex -1)
                  | [Xom's mischief]
  1285 | D:2      | Gained mutation: You are surrounded by a mild repulsion
                  | field. (EV +2) [demonic ancestry]
  1285 | D:2      | Reached XP level 4. HP: 29/35 MP: 4/4
  1373 | D:2      | Noticed Terence
  1384 | D:2      | Killed Terence
  1448 | D:2      | XOM: god gift: tin of tremorstones (2/2)
  1492 | D:2      | XOM: give mutations
  1492 | D:2      | Gained mutation: You are frail. (-10% HP) [Xom's mischief]
  1492 | D:2      | Gained mutation: You have sharp toenails. [Xom's mischief]
  1578 | D:2      | XOM: god gift: 2 metallic purple potions {god gift}
  1606 | D:3      | XOM: draining
  1640 | D:2      | Reached skill level 5 in Polearms
  1658 | D:3      | Noticed Ijyb
  1712 | D:3      | Killed from afar by Ijyb

Illustrated notes

Levels and vault maps discovered:
D:1:      nagdon_arrival_zigzag_paths, layout_rooms
D:2:      minmay_angry_zag, layout_basic, hellmonk_ecumenical_altar_arch_garden,
          uniq_terence
D:3:      layout_rooms, uniq_robin, uniq_ijyb

Skill      XL: |  1  2  3  4 |
---------------+-------------+-----
Polearms       | 3 4 5 |  5.0
Fighting       | |  3.0
Armour         | |  1.7
Dodging        | |  0.8

Action                     |  1- 3 |  4- 6 || total
---------------------------+-------+-------++-------
  Melee: Spear             |    63 |       ||    63
         Whip              |    41 |    36 ||    77
         Punch             |     1 |       ||     1
         Kick              |       |     2 ||     2
  Evoke: Tin of tremorston |       |     1 ||     1
    Use: Scroll            |     2 |     3 ||     5
 Armour: Ring mail         |     4 |       ||     4
         Leather armour    |    29 |     9 ||    38
  Dodge: Dodged            |    50 |    31 ||    81
